 Dungeon Crawl Stone Soup version 0.31-a0-331-geda263fcf1 (webtiles) character file.

Game seed: 17752824252606324226

456 LeprechaunX the Changeling (level 7, -2/46 HPs)
             Began as an Octopode Shapeshifter on July 20, 2023.
             Splashed by a jelly's acid (4 damage)
             ... on level 5 of the Dungeon.
             The game lasted 00:02:30 (3596 turns).

LeprechaunX the Changeling (Octopode Shapeshifter)  Turns: 3596, Time: 00:02:30

Health: -2/46      AC: -7    Str: 16    XL:     7   Next: 6%
Magic:  7/7        EV: 14    Int: 10    God:
Gold:   200        SH:  0    Dex: 13    Spells: 6/6 levels left

rFire   . .          .
                       - Unarmed
rCold   . . .        (no shield)
rNeg    . . .        (helmet currently unavailable)
rPois   +            h - amulet of magic regeneration
rElec   .            p - ring of poison resistance
rCorr   .            (no ring)
SInv    .            (no ring)
Will    .....        (no ring)
Stlth   ++           (no ring)
HPRegen 0.27/turn    (no ring)
MPRegen 0.50/turn    (no ring)
                     (no ring)

%: no passive effects
@: beast-form, corroded
A: beast (slay +3), almost no armour, amphibious, 8 rings, camouflage 1,
gelatinous body 1, (nimble swimmer 1), tentacles
a: Begin Untransformation


You were on level 5 of the Dungeon.
You were a hulking beast.
You visited 1 branch of the dungeon, and saw 5 of its levels.

You collected 200 gold pieces.

Inventory:

Missiles
 i - 4 atropa-tipped darts
 m - 4 javelins (quivered)
Jewellery
 h - an amulet of magic regeneration (around mantle)
 p - a ring of poison resistance (left tentacle)
Talismans
 b - a beast talisman
Wands
 t - a wand of flame (19)
Scrolls
 c - 5 scrolls of identify {unknown}
 d - a scroll of fear {unknown}
 e - a scroll of amnesia {unknown}
 f - a scroll of revelation {unknown}
 g - a scroll of poison {unknown}
 k - a scroll of acquirement {unknown}
 l - 3 scrolls of enchant armour {unknown}
 n - a scroll of blinking {unknown}
 o - a scroll of teleportation {unknown}
 s - 2 scrolls of vulnerability {unknown}
Potions
 a - a potion of lignification
 j - 2 potions of enlightenment {unknown}
 q - 2 potions of heal wounds {unknown}
 r - a potion of attraction {unknown}


   Skills:
 + Level 3.3 Fighting
 + Level 3.3 Dodging
 * Level 4.5 Unarmed Combat
 * Level 4.5 Shapeshifting


You had 6 spell levels left.
You didn't know any spells.
Your spell library contained the following spells:

 Spells                   Type           Power      Damage    Failure   Level
 Slow                     Hex            0%         N/A       36%         1
 Confusing Touch          Hex            0%         N/A       75%         3
 Ignite Poison            Fire/Tmut/Pois 0%         N/A       75%         3
 Vampiric Draining        Necr           0%         2d6       75%         3
 Olgreb's Toxic Radiance  Pois           0%         N/A       98%         4
 Dragon's Call            Summ           0%         N/A       100%        9
 Animate Armour           Summ/Erth      Unusable   N/A       N/A         4

Dungeon Overview and Level Annotations

Branches:
Dungeon (5/15)
 Temple: D:4-7

Altars:
Wu Jian


Innate Abilities, Weirdness & Mutations

You are a hulking beast.
Your limbs bulge with bestial killing power. (Slay +3)
You cannot wear most types of armour.
You are amphibious.
You can wear up to eight rings at the same time.
Your skin changes colour to match your surroundings (Stealth+).
Your rubbery body absorbs attacks. (AC +1, EV +1)
((You are camouflaged when in or above water. (Stealth+)))
You have tentacles for arms and can constrict up to eight enemies at once.


Message History

There is a stone staircase leading down here.
You open the door.
There is an open door here.
You open the door.
A jelly comes into view.
A jelly is nearby!
A jelly is nearby!
A jelly is nearby!
A jelly is nearby!
You bludgeon the jelly! The acid corrodes you!
Your tentacles burn!
The jelly is moderately wounded.
The jelly hits you. The acid corrodes you!
You are splashed with acid!
You tentacle-slap the jelly.
Your tentacles burn!
The jelly is heavily wounded.
The jelly closely misses you.
You tentacle-slap the jelly.
Your tentacles burn!
The jelly is severely wounded.
The jelly hits you.
You are splashed with acid!
You are too injured to fight recklessly!
You are too injured to fight recklessly!
You are too injured to fight recklessly!
You are too injured to fight recklessly!
You are too injured to fight recklessly!
You are too injured to fight recklessly!
You are too injured to fight recklessly!
You are too injured to fight recklessly!
You are too injured to fight recklessly!
You are too injured to fight recklessly!
You are too injured to fight recklessly!
You are too injured to fight recklessly!
You are too injured to fight recklessly!
You tentacle-slap the jelly. The acid corrodes you!
Your tentacles burn!
* * * LOW HITPOINT WARNING * * *
The jelly is almost dead.
The jelly hits you.
* * * LOW HITPOINT WARNING * * *
You are splashed with acid!
* * * LOW HITPOINT WARNING * * *
You tentacle-slap the jelly. The acid corrodes you!
Your tentacles burn!
You die...

#.#.# #....# #.#.# #....#
#.#.########....#
#.#>............# ...
###'#'########....# #. ...
#.........# #....# #..... #
#.........# #..... #.##.#+#
#.#.........# ##.... #.##.#.#
#.#.h.......# #.... #.##.#.#
#...J.......## #....
#.##.#.#####.#.#+#)...## #####
#.##.#.#...............###
####....#.#.#.....)...#.#...#####
....<.................#.###......
#.#.....#.#.#.........#.# #######
# #..##.#............##.#
#..#.........###...##.#


You could see a jelly.

Vanquished Creatures
  A water moccasin (D:4)
  An ogre (D:4)
  Jessica (D:2)
  Natasha (thrice) (D:2)
  An iguana (D:4)
  Terence (D:2)
  A mummy (D:5)
  4 adders
  A worm (D:2)
  2 dart slugs (D:1)
  3 orcs
  5 ball pythons
  5 bats
  An endoplasm (D:4)
  9 goblins
  4 hobgoblins
  4 jackals (D:4)
  3 quokkas
  3 frilled lizards
  A hobgoblin zombie (D:5)
  3 kobolds
  A kobold zombie (D:5)
  2 orc zombies (D:5)
  6 rats
66 creatures vanquished.

Notes
Turn   | Place    | Note
-------+----------+-------------------------------------------
     0 | D:1      | LeprechaunX the Octopode Shapeshifter began the quest for
                  | the Orb.
     0 | D:1      | Reached XP level 1. HP: 14/14 MP: 1/1
    95 | D:1      | Reached XP level 2. HP: 18/19 MP: 2/2
   445 | D:1      | Reached XP level 3. HP: 17/24 MP: 3/3
  1052 | D:2      | Noticed Natasha
  1058 | D:2      | Killed Natasha
  1059 | D:2      | Reached XP level 4. HP: 23/30 MP: 4/4
  1135 | D:2      | Noticed Natasha
  1143 | D:2      | Killed Natasha
  1198 | D:2      | Noticed Jessica
  1201 | D:2      | Killed Jessica
  1202 | D:2      | Reached XP level 5. HP: 32/35 MP: 5/5
  1253 | D:2      | Noticed Natasha
  1263 | D:2      | Killed Natasha
  1368 | D:2      | Noticed Terence
  1376 | D:2      | Killed Terence
  1630 | D:3      | Got Sif Muna's Monograph on Assistive Envenoming
  2649 | D:4      | Found an ornate altar of the Wu Jian Council.
  2653 | D:4      | Noticed a water moccasin
  2663 | D:4      | Killed a water moccasin
  2664 | D:4      | Reached XP level 6. HP: 23/42 MP: 6/6
  3401 | D:5      | Entered Level 5 of the Dungeon
  3418 | D:5      | Reached XP level 7. HP: 46/46 MP: 7/7
  3595 | D:5      | HP: 2/46 [acid (10)]
  3596 | D:5      | Splashed by a jelly's acid

Illustrated notes

Levels and vault maps discovered:
D:1:      sevenhm_arrival_forest_fort_large_3, layout_basic
D:2:      layout_rooms, uniq_natasha, uniq_jessica, uniq_terence
D:3:      layout_basic
D:4:      layout_basic, mainiacjoe_overflow_catwalk
D:5:      layout_basic, kennysheep_slug_shrine, fedhas_altar_3, serial_curves,
          eino_curves_03, eino_curves_01, minmay_mini_ossuary,
          uniq_blork_the_orc

Skill      XL: |  1  2  3  4  5 |
---------------+----------------+-----
Unarmed Combat | 3 4 |  4.5
Shapeshifting  | 4 |  4.5
Fighting       | 3 |  3.3
Dodging        | 3 |  3.3

Action                     |  1- 3 |  4- 6 |  7- 9 || total
---------------------------+-------+-------+-------++-------
  Melee: Unarmed           |    43 |    69 |    17 ||   129
         Constrict         |    15 |    19 |     3 ||    37
         Tentacles         |     7 |    12 |     2 ||    21
         Punch             |       |     1 |       ||     1
   Stab: Sleeping          |     1 |     6 |       ||     7
 Armour: Skin              |     5 |     6 |     4 ||    15
  Dodge: Dodged            |    18 |    35 |     5 ||    58

Table legend: (Time is in decaauts)
 A = Elapsed time spent in this place.
 B = Non-inter-level travel time spent in this place.
 C = Inter-level travel time spent in this place.
 D = Time resting spent in this place.
 E = Time spent auto-exploring this place.
 F = Levels seen in this place.
 G = Mean time per level.
                   A        B        C        D        E       F      G
               +--------+--------+--------+--------+--------+-----+--------+
         Total |   3592 |   3461 |    131 |      0 |   3053 |   5 |  718.4 |
       Dungeon |   3592 |   3461 |    131 |      0 |   3053 |   5 |  718.4 |
               +--------+--------+--------+--------+--------+-----+--------+

Top non-repeatable levels by time:
     D:1: 1026 daAuts
     D:3: 945 daAuts
     D:4: 930 daAuts
     D:2: 497 daAuts
     D:5: 193 daAuts
